Unix NetHack Version 5.0.0-0 post-release - last build May 30 2026 05:04:26 (55804bc15828dd6e32e9076e0726aa6fccb6e981,branch:main).

Game began 2026-05-30 05:50:13, ended 2026-05-30 06:00:22.

Brudee, neutral female human Tourist

        ----                  ---
       --..|                ---.--
       |...--            ----....--                              -------------
       |....--           |...|....|                              |..--..--...|
       |.....|           |..---...|                              |...........|
       |.------     ------.-- |..--                         ---  |...........--
      --.-- |.--   --......|  |..--------                 ---.|  |.....--.....|
   ----.-.---..|   |..------  |.........-------------------...|  --..---|....--
   |.......|...-----.--       |..----........................--   |..|----...|
   |-....|...........|    --- --.|  |....------------.......-|    --.|..---.--
   |....---..........--   |.-- |.|  --.---   --.--  |........--    |.....----
   --...----..........--  |..---.|------     |...|  ----.---..--------.....|
  ---....|--.....---...-- |-.....|.--.---    |...| --- --- --.....-- ----..--
 --.....-||..|...----...| |.............------->.---.--     -----..-----|...|
 |.......--..|....| --.-- --.............|...--.......|         |......|--..|
 --...............|  ---   |......G@<................--         --.....--|..|
  |..............----      --.....d.h................|           ---.....|..|
  ---...............--      ---.--.--.............----             ----.....--
    |...--.......--..|        ------|......|.|..---                   --.....|
    --------.--.----.|              --.|..-------                      ---..--
           ------  ---               ------                              ----
Brudee the Rambler          St:10 Dx:11 Co:17 In:13 Wi:7 Ch:17  Neutral S:256
Dlvl:3  $:506 HP:0(16) Pw:5(5) AC:10 Xp:2/34 T:734 

Latest messages:
 Shaggy bites the wood nymph.
 Shaggy misses the wood nymph.
 Shaggy bites the wood nymph.
 The wood nymph pretends to be friendly to Shaggy.
 The wood nymph pretends to be friendly to Shaggy.
 Shaggy bites the wood nymph.
 The wood nymph smiles at Shaggy engagingly.
 The wood nymph smiles at Shaggy engagingly.
 Shaggy bites the wood nymph.
 You see here a crude spear.
 Shaggy misses the wood nymph.
 The wood nymph picks up a crude spear.
 What do you want to zap? [nq or ?*] ?
 In what direction? l
 Status of the wood nymph (neutral, medium):  Level 2  HP 6(20)  AC 9.
 Status of Shaggy (neutral, small):  Level 2  HP 9(9)  AC 6, tame.
 Shaggy is not carrying anything.
 The wood nymph stole an uncursed scroll of enchant weapon.
 The wood nymph vanishes!
 You stop.  Shaggy is in the way!
 You swap places with Shaggy.
 You swap places with Shaggy.
 You swap places with Shaggy.
 The goblin thrusts his crude dagger.
 The goblin hits!
 In what direction? j
 You kill the goblin!
 There is a goblin corpse here; eat it? [ynq] (n) n
 What do you want to eat? [b-gB or ?*] j
 You cannot eat that!
 Shaggy eats a goblin corpse.
 Shaggy drops a crude dagger.
 You swap places with Shaggy.
 You stop.  Shaggy is in the way!
 You stop.  Shaggy is in the way!
 You swap places with Shaggy.
 You swap places with Shaggy.
 You descend the stairs.
 You stop.  Shaggy is in the way!
 Shaggy misses the gnome.
 The dwarf thrusts his dagger.
 The dwarf hits!
 In what direction? n
 The dart misses the dwarf.
 Shaggy misses the gnome.
 The dwarf thrusts his dagger.
 The dwarf hits!
 You die...
 Do you want your possessions identified? [ynq] (y) y
 Do you want to see your attributes? [ynq] (y) q

Inventory:
 Coins    ('$')
  $ - 506 gold pieces
 Weapons  (')')
  a - 27 +2 darts (at the ready)
  A - a +2 dart
  t - a +0 elven spear
  s - a cursed -1 orcish dagger
  E - a +0 scimitar
 Armor    ('[')
  k - an uncursed +0 Hawaiian shirt with a hibiscus flower motif (being worn)
  C - an uncursed +0 ring mail
 Comestibles  ('%')
  f - 2 uncursed slime molds
  b - an uncursed apple
  B - an uncursed carrot
  c - 5 uncursed food rations
  g - an uncursed fortune cookie
  d - 3 uncursed tripe rations
  e - an uncursed egg
 Scrolls  ('?')
  j - an uncursed scroll of magic mapping
  v - an uncursed scroll of stinking cloud
 Spellbooks  ('+')
  w - an uncursed spellbook of knock
 Potions  ('!')
  h - an uncursed potion of extra healing
  o - 2 uncursed potions of healing
  u - an uncursed potion of restore ability
 Rings    ('=')
  D - an uncursed ring of invisibility
 Wands    ('/')
  q - a wand of polymorph (0:8)
  n - a wand of probing (0:3)
 Tools    ('(')
  m - an uncursed credit card
  l - an expensive camera (0:44)
 Gems/Stones  ('*')
  r - an uncursed worthless piece of red glass

Brudee the Tourist's attributes:

Background:
 You were a Rambler, a level 2 female human Tourist.
 You were neutral, on a mission for The Lady
 who was opposed by Blind Io (lawful) and Offler (chaotic).
 You were right-handed.
 You were in the Gnomish Mines, on level 3.
 You entered the dungeon 734 turns ago.
 You had 34 experience points, 6 more were needed to attain level 3.
 Your score was 256 before end-of-game adjustments.

Basics:
 You had 0 out of 16 hit points.
 You had all 5 energy points (spell power).
 Your armor class was 10.
 Your wallet contained 506 zorkmids.
 Autopickup was on for '$!=+?/"' plus thrown.

Final Characteristics:
 Your strength was 10 (limit:18/100).
 Your dexterity was 11 (limit:18).
 Your constitution was 17 (limit:18).
 Your intelligence was 13 (limit:18).
 Your wisdom was 7 (limit:18).
 Your charisma was 17 (limit:18).

Final Status:
 You weren't hungry.
 You were unencumbered.
 You were bare handed.
 You were unskilled in bare handed combat.

Final Attributes:
 You were fervently aligned.
 You are dead.

Miscellaneous:
 You didn't encounter any bones levels.
 Total elapsed playing time was 10 minutes and 8 seconds.

Major events:
 Turn
    1: Brudee the neutral female human Tourist entered the dungeon
  279: entered the Gnomish Mines
  734: killed by a dwarf

You didn't know any spells.

Skills:
 Fighting Skills
   bare handed combat [Unskilled]
   two weapon combat  [Unskilled]
   riding             [Unskilled]
 Weapon Skills
   dagger             [Unskilled]
   knife              [Unskilled]
   axe                [Unskilled]
   pick-axe           [Unskilled]
   short sword        [Unskilled]
   broadsword         [Unskilled]
   long sword         [Unskilled]
   two-handed sword   [Unskilled]
   saber              [Unskilled]
   mace               [Unskilled]
   morning star       [Unskilled]
   flail              [Unskilled]
   hammer             [Unskilled]
   quarterstaff       [Unskilled]
   polearms           [Unskilled]
   spear              [Unskilled]
   trident            [Unskilled]
   lance              [Unskilled]
   bow                [Unskilled]
   sling              [Unskilled]
   crossbow           [Unskilled]
   dart               [Basic]
   shuriken           [Unskilled]
   boomerang          [Unskilled]
   whip               [Unskilled]
   unicorn horn       [Unskilled]
 Spellcasting Skills
   divination spells  [Unskilled]
   enchantment spells [Unskilled]
   escape spells      [Unskilled]

Voluntary challenges:
 Character rerolling was not enabled.
 You were an atheist.
 You never hit with a wielded weapon.
 You never genocided any monsters.
 You never polymorphed an object.
 You never changed form.
 You used no wishes.
Achievements:
 You entered the Gnomish Mines.
 You entered a shop.

 The Dungeons of Doom: levels 1 to 3
    Level 1:
       An altar to The Lady.
    Level 2:
       A general store, some fountains, many trees.
       Stairs down to The Gnomish Mines.
    Level 3:
       A fountain.
 The Gnomish Mines:
    Level 3: <- You were here.
       Final resting place for
          you, killed by a dwarf.


Vanquished creatures:
  a wood nymph
  a kobold
  2 goblins
  2 grid bugs
  2 lichens
  4 newts
12 creatures vanquished.

No species were genocided or became extinct.

Game over:
                       ----------
                      /          \
                     /    REST    \
                    /      IN      \
                   /     PEACE      \
                  /                  \
                  |      Brudee      |
                  |      506 Au      |
                  |   killed by a    |
                  |      dwarf       |
                  |                  |
                  |                  |
                  |       2026       |
                 *|     *  *  *      | *
        _________)/\\_//(\/(/\)/\//\/|_)_______

Aloha Brudee the Tourist...

You died in The Gnomish Mines on dungeon level 3 with 256 points,
and 506 pieces of gold, after 734 moves.
You were level 2 with a maximum of 16 hit points when you died.

